 Dungeon Crawl Stone Soup version 0.27-a0-1196-g3e9cee4cb2 (webtiles) character file.

Game seed: 14833710444887427876

74 Gargoyl the Skirmisher (level 4, -21/41 HPs)
             Began as a Gnoll Abyssal Knight on May 29, 2021.
             Was a Follower of Lugonu.
             Blown up by a cacodemon (26 damage)
             ... with a bolt of energy
             ... on level 2 of the Abyss.
             The game lasted 00:00:43 (110 turns).

Gargoyl the Skirmisher (Gnoll Abyssal Knight)        Turns: 110, Time: 00:00:43

Health: -21/41     AC:  3    Str: 12    XL:     4   Next: 30%
Magic:  7/7        EV: 12    Int: 12    God:    Lugonu [*.....]
Gold:   25         SH:  0    Dex: 11    Spells: 5/5 levels left

rFire    . . .     SeeInvis .   a - +1 hand axe
rCold    . . .     Faith    .   (no shield)
rNeg     . . .     Spirit   .   b - +0 leather armour
rPois    .         Reflect  .   (no helmet)
rElec    .         Harm     .   (no cloak)
rCorr    .         Rampage  .   (no gloves)
Will     .....     Clarity  +   (no boots)
Stlth    +.........             (no amulet)
HPRegen  0.13/turn              (no ring)
MPRegen  0.10/turn              (no ring)

@: confused
A: fangs 1, strong nose, distributed training, clarity
a: Renounce Religion, Depart the Abyss


You were on level 2 of the Abyss.
You worshipped Lugonu.
Lugonu was aware of your devotion.
You visited 0 branches of the dungeon, and saw 0 of its levels.
You visited the Abyss 1 time.

You collected 25 gold pieces.

Inventory:

Hand Weapons
 a - a +1 hand axe (weapon)
Missiles
 c - 17 poisoned darts (quivered)
Armour
 b - a +0 leather armour (worn)
Scrolls
 d - a scroll of identify {unknown}
Miscellaneous
 e - a box of beasts


   Skills:
 + Level 6.6 Fighting
 + Level 1.1 Short Blades
 + Level 1.1 Long Blades
 + Level 4.6 Axes
 + Level 1.1 Maces & Flails
 + Level 1.1 Polearms
 + Level 1.1 Staves
 + Level 1.1 Slings
 + Level 1.1 Bows
 + Level 1.1 Crossbows
 + Level 1.1 Throwing
 + Level 4.6 Armour
 + Level 2.7 Dodging
 + Level 1.1 Stealth
 + Level 1.1 Shields
 + Level 1.1 Unarmed Combat
 + Level 1.1 Spellcasting
 + Level 0.8 Conjurations
 + Level 0.8 Hexes
 + Level 0.8 Summonings
 + Level 0.8 Necromancy
 + Level 0.8 Translocations
 + Level 0.8 Transmutations
 + Level 0.8 Fire Magic
 + Level 0.8 Ice Magic
 + Level 0.8 Air Magic
 + Level 0.8 Earth Magic
 + Level 0.8 Poison Magic
 + Level 4.7 Invocations
 + Level 1.1 Evocations


You had 5 spell levels left.
You didn't know any spells.
Your spell library was empty.

Dungeon Overview and Level Annotations

Branches:
Dungeon (0/15)

Altars:


Innate Abilities, Weirdness & Mutations

You have very sharp teeth.
Your uncanny sense of smell can sniff out nearby items.
Your experience applies equally to all skills.
You possess an exceptional clarity of mind.


Message History

Aim: a cacodemon (translocational energy) Attack!
The cacodemon gestures at you.
You are confused.
You are too confused!
Unknown command.
Are you sure you want to stumble around while confused and next to your juvenile batfire beast? [Y]es or [N]o only, please.
Are you sure you want to stumble around while confused and next to your juvenile batfire beast? [Y]es or [N]o only, please.
Are you sure you want to stumble around while confused and next to your juvenile batfire beast? [Y]es or [N]o only, please.
Are you sure you want to stumble around while confused and next to your juvenile batfire beast? [Y]es or [N]o only, please.
Are you sure you want to stumble around while confused and next to your juvenile batfire beast?
Okay, then.
A neqoxec comes into view.
The cacodemon gestures at you.
You are more confused.
Unknown command.
The flying skull hits you but does no damage.
The cacodemon gestures at you.
Strange energies course through your body.
Your thoughts seem clearer.
Unknown command.
You aren't carrying any potions.
The flying skull barely misses you. The smoke demon gestures at you.
Something smites you! The flying skull hits you!
* * * LOW HITPOINT WARNING * * *
Unknown command.
The flying skull hits you.
* * * LOW HITPOINT WARNING * * *
Unknown command.
Unknown command.
The flying skull closely misses you. The cacodemon gestures at you.
The bolt of energy hits you!!
Ouch! That really hurt!
You die...

## . .. #. .##
.##..# .##.. ###
#.. .# # #.2###
.....##.#@3#
.....3..z##...##
#...#.X## ..#..
..#.#..∩.# #.#
#.......## #
.#......## #
.#.#.### ##
##...#.#..##.#
.#. .# .. .##


You could see a cacodemon, a large abomination, a smoke demon, a neqoxec and a
flying skull.

Vanquished Creatures (collateral kills)
  A fire dragon skeleton (Abyss:2)
1 creature vanquished.

Notes
Turn   | Place    | Note
-------+----------+-------------------------------------------
     0 | Abyss:1  | Gargoyl the Gnoll Abyssal Knight began the quest for the
                  | Orb.
     0 | Abyss:1  | Reached XP level 1. HP: 23/23 MP: 3/3
    54 | Abyss:2  | Found a corrupted altar of Lugonu.
    93 | Abyss:2  | Noticed a fire dragon skeleton
   100 | Abyss:2  | Killed a fire dragon skeleton
   101 | Abyss:2  | Reached skill level 1 in Short Blades
   101 | Abyss:2  | Reached skill level 1 in Long Blades
   101 | Abyss:2  | Reached skill level 1 in Maces & Flails
   101 | Abyss:2  | Reached skill level 1 in Polearms
   101 | Abyss:2  | Reached skill level 1 in Staves
   101 | Abyss:2  | Reached skill level 1 in Slings
   101 | Abyss:2  | Reached skill level 1 in Bows
   101 | Abyss:2  | Reached skill level 1 in Crossbows
   101 | Abyss:2  | Reached skill level 1 in Throwing
   101 | Abyss:2  | Reached skill level 1 in Stealth
   101 | Abyss:2  | Reached skill level 1 in Shields
   101 | Abyss:2  | Reached skill level 1 in Unarmed Combat
   101 | Abyss:2  | Reached skill level 1 in Spellcasting
   101 | Abyss:2  | Reached skill level 1 in Evocations
   101 | Abyss:2  | Reached XP level 2. HP: 29/29 MP: 5/5
   101 | Abyss:2  | Reached XP level 3. HP: 35/35 MP: 6/6
   101 | Abyss:2  | Reached XP level 4. HP: 41/41 MP: 7/7
   104 | Abyss:2  | Noticed a flying skull
   104 | Abyss:2  | Noticed a large abomination
   104 | Abyss:2  | Noticed a smoke demon
   104 | Abyss:2  | Noticed a cacodemon
   106 | Abyss:2  | Noticed a neqoxec
   107 | Abyss:2  | Gained mutation: You possess an exceptional clarity of
                  | mind. [a cacodemon]
   110 | Abyss:2  | Blown up by a cacodemon

Illustrated notes

Levels and vault maps discovered:
Abyss:2:  base:
Temple

Skill      XL: |  1 |
---------------+----+-----
Short Blades   | 1 |  1.1
Long Blades    | 1 |  1.1
Maces & Flails | 1 |  1.1
Polearms       | 1 |  1.1
Staves         | 1 |  1.1
Slings         | 1 |  1.1
Bows           | 1 |  1.1
Crossbows      | 1 |  1.1
Throwing       | 1 |  1.1
Stealth        | 1 |  1.1
Shields        | 1 |  1.1
Unarmed Combat | 1 |  1.1
Spellcasting   | 1 |  1.1
Evocations     | 1 |  1.1
Fighting       | |  6.6
Axes           | |  4.6
Armour         | |  4.6
Dodging        | |  2.7
Conjurations   | |  0.8
Hexes          | |  0.8
Summonings     | |  0.8
Necromancy     | |  0.8
Translocations | |  0.8
Transmutations | |  0.8
Fire Magic     | |  0.8
Ice Magic      | |  0.8
Air Magic      | |  0.8
Earth Magic    | |  0.8
Poison Magic   | |  0.8
Invocations    | |  4.7

Action                   |  1- 3 |  4- 6 || total
-------------------------+-------+-------++-------
Evoke: Box of beasts     |     1 |       ||     1
Armor: Leather armour    |       |     1 ||     1
Dodge: Dodged            |       |     2 ||     2

Table legend: (Time is in decaauts)
 A = Elapsed time spent in this place.
 B = Non-inter-level travel time spent in this place.
 C = Inter-level travel time spent in this place.
 D = Time resting spent in this place.
 E = Time spent auto-exploring this place.
 F = Levels seen in this place.
 G = Mean time per level.
                   A        B        C        D        E       F      G
               +--------+--------+--------+--------+--------+-----+--------+
         Total |    109 |    109 |      0 |      0 |     63 |   2 |   54.5 |
         Abyss |    109 |    109 |      0 |      0 |     63 |   2 |   54.5 |
               +--------+--------+--------+--------+--------+-----+--------+

Top non-repeatable levels by time:
 Abyss:2: 55 daAuts
 Abyss:1: 54 daAuts
